 Dungeon Crawl Stone Soup version 0.23-a0-436-g57debff (webtiles) character file.

34 Jawreze the Sneak (level 3, -4/16 HPs)
             Began as a Spriggan Enchanter on Nov 16, 2018.
             Slain by a gnoll
             ... wielding a +0 spear
              (6 damage)
             ... on level 2 of the Dungeon.
             The game lasted 00:04:39 (1971 turns).

Jawreze the Sneak (Spriggan Enchanter)              Turns: 1971, Time: 00:04:40

Health: -4/16      AC:  2    Str:  4    XL:     3   Next: 14%
Magic:  7/8        EV: 19    Int: 17    God:
Gold:   0          SH:  0    Dex: 16    Spells: 2/8 levels left

rFire    . . .     SeeInvis +   a - +1 dagger
rCold    . . .     Gourm    .   (shield restricted)
rNeg     . . .     Faith    .   b - +0 robe
rPois    .         Spirit   .   (helmet restricted)
rElec    .         Reflect  .   (no cloak)
rCorr    .         Harm     .   (gloves unavailable)
MR       .....                  (boots unavailable)
Stlth    +++.......             (no amulet)
HPRegen  0.05/turn              (no ring)
MPRegen  0.11/turn              (no ring)

@: lethally poisoned (-4 -> -12), very slightly contaminated, very quick
A: very small, unfitting armour, see invisible, herbivore, speed 3, slow
metabolism 2
a: no special abilities


You were on level 2 of the Dungeon.
You were not hungry.

You visited 1 branch of the dungeon, and saw 2 of its levels.

Inventory:

Hand Weapons
 a - a +1 dagger (weapon)
Armour
 b - a +0 robe (worn)
Jewellery
 i - a +5 ring of intelligence {unknown}
Scrolls
 f - 2 scrolls of identify
Potions
 c - a potion of resistance {unknown}
 e - a potion of magic {unknown}
 g - a potion of mutation {unknown}
Comestibles
 d - 4 rations


   Skills:
 * Level 2.0 Short Blades
 + Level 3.5 Dodging
 + Level 4.8 Stealth
 + Level 3.1 Spellcasting
 + Level 3.9 Hexes


You had 2 spell levels left.
You knew the following spells:

 Your Spells              Type           Power        Failure   Level  Hunger
a - Corona                Hex            ###....      3%          1    None
b - Ensorcelled Hibernat  Hex/Ice        #.....       12%         2    ##.....
c - Confuse               Hex            ###.....     11%         3    ###....

Your spell library contained the following spells:

 Spells                   Type           Power        Failure   Level  Hunger
 Tukima's Dance           Hex            ###.....     11%         3    ###....
 Dazzling Spray           Conj/Hex       #.....       22%         3    ###....


Dungeon Overview and Level Annotations

Branches:
Dungeon (2/15)

Altars:
Xom


Innate Abilities, Weirdness & Mutations

You are very small and have problems with some larger weapons.
You are too small for most types of armour.
You have supernaturally acute eyesight. (SInv)
You are a herbivore.
You cover ground extremely quickly.
You need to consume almost no food.


Message History

You barely miss the adder.
The adder is heavily wounded.
The adder closely misses you. The gnoll misses you.
You miss the adder.
The adder is heavily wounded.
The adder bites you.
* * * LOW HITPOINT WARNING * * *
You are lethally poisoned!
The adder poisons you! The gnoll hits you but does no damage.
You barely miss the adder.
The adder is heavily wounded.
* * * LOW HITPOINT WARNING * * *
You feel sick. The adder barely misses you. The gnoll closely misses you.
The adder bites you.
* * * LOW HITPOINT WARNING * * *
You hit the adder.
The adder is severely wounded.
A dart slug comes into view.
The gnoll hits you from afar with a +0 spear.
You die...

#.<†......#
#.###..w..#
#. ####.##
#. #g# #.
#g# #. #S#
#. #g# #..
#.# . #@#
#. #S##
#^###lr##
♣..^##K.#
#.♣#§..##.#
...§≈§..#.#
♣._§§≈...#
≈§§.#KS♣###
≈###♣.≈


You could see 3 gnolls, an adder, a dart slug, a leopard gecko, a ball python, a
kobold and a rat.

Vanquished Creatures
  A dart slug (D:1)
  A leopard gecko (D:1)
  A ball python (D:2)
  A giant cockroach (D:1)
  4 goblins (D:1)
  2 hobgoblins
  2 jackals (D:1)
  2 bats
  4 frilled lizards (D:1)
  6 kobolds (D:1)
  5 rats
29 creatures vanquished.

Notes
Turn   | Place    | Note
-------+----------+-------------------------------------------
     0 | D:1      | Jawreze the Spriggan Enchanter began the quest for the Orb.
     0 | D:1      | Reached XP level 1. HP: 9/9 MP: 5/5
   739 | D:1      | Reached XP level 2. HP: 13/13 MP: 6/6
   845 | D:1      | Learned a level 2 spell: Ensorcelled Hibernation
  1764 | D:1      | Reached XP level 3. HP: 16/16 MP: 1/8
  1856 | D:1      | Learned a level 3 spell: Confuse
  1903 | D:2      | Found a shimmering altar of Xom.
  1903 | D:2      | Found a shimmering altar of Xom.
  1905 | D:2      | Found a shimmering altar of Xom.
  1905 | D:2      | Found a shimmering altar of Xom.
  1971 | D:2      | Slain by a gnoll

Vault maps used:
D:1:      elethiomel_arrival_maze
D:2:      minitemple, xom_redecorated

Skill      XL: |  1  2 |
---------------+-------+-----
Spellcasting   | 3 |  3.1
Short Blades   | 2 |  2.0
Dodging        | |  3.5
Stealth        | |  4.8
Hexes          | |  3.9

Action                   || total
-------------------------++-------
Melee: Dagger            ||   110
 Cast: Corona            ||    13
       Ensorcelled Hiber ||    15
  Use: Scroll            ||     2
 Stab: Sleeping          ||    16
Armor: Robe              ||     4
Dodge: Dodged            ||    92

Table legend:
 A = Non-vault XP
 B = Vault XP
 C = Vault XP percentage of total XP
 D = Non-vault monster count
 E = Vault monster count
 F = Vault count percentage of total count
                 A         B        C        D         E       F
            +---------+---------+-------+---------+---------+-------
      Total |      49 |       0 |   0.0 |      29 |       0 |   0.0
            +---------+---------+-------+---------+---------+-------
        D:1 |      41 |       0 |   0.0 |      24 |       0 |   0.0
        D:2 |       8 |       0 |   0.0 |       5 |       0 |   0.0
            +---------+---------+-------+---------+---------+-------
